 Dungeon Crawl Stone Soup version 0.29.1-2-gbd0b4ee654 (webtiles) character file.

Game seed: 4741417252958800542

6940 DildoBatman the Geomancer (level 11, -4/75 HPs)
             Began as a Formicid Conjurer on Nov 21, 2022.
             Was an Elder of Kikubaaqudgha.
             Slain by an ice devil (7 damage)
             ... in an ice cave.
             The game lasted 00:37:11 (9617 turns).

DildoBatman the Geomancer (Formicid Conjurer)       Turns: 9617, Time: 00:37:12

Health: -4/75      AC:  3    Str: 12    XL:     11   Next: 28%
Magic:  5/21       EV: 12    Int: 22    God:    Kikubaaqudgha [****..]
Gold:   514        SH:  4    Dex: 12    Spells: 1/24 levels left

rFire   + . .      SeeInvis +   a - +7 shortbow (flame)
rCold   + + .      Faith    .   e - +0 buckler
rNeg    . . .      Spirit   .   q - +0 robe {rC+}
rPois   .          Reflect  .   (helmet unavailable)
rElec   .          Harm     .   p - scarf {rC+ rF+}
rCorr   .          Rampage  .   f - +0 pair of gloves
Will    +....                   (no boots)
Stlth   ++........              (no amulet)
HPRegen 0.22/turn               (no ring)
MPRegen 0.17/turn               (no ring)

@: studying Long Blades
A: permanent stasis, dig shafts and tunnels, antennae 3, four strong arms
a: Dig, Renounce Religion, Unearth Wretches


You were in an ice cave.
You worshipped Kikubaaqudgha.
Kikubaaqudgha was greatly pleased with you.
You visited 2 branches of the dungeon, and saw 10 of its levels.
You also visited: Ossuary and Ice Cave.

You collected 514 gold pieces.

Inventory:

Hand Weapons
 a - a +7 shortbow of flaming (weapon)
 d - a +5 falchion of freezing
Missiles
 c - 3 javelins
 o - 22 poisoned darts
 r - 87 stones
Armour
 e - a +0 buckler (worn)
 f - a +0 pair of gloves (worn)
 j - a +0 kite shield
 p - a scarf of resistance (worn)
 q - a +0 robe of cold resistance (worn)
 A - a +0 robe of willpower
 K - +0 steam dragon scales
Magical Staves
 b - a staff of conjuration
Wands
 v - a wand of iceblast (21)
 L - a wand of light (6)
Scrolls
 i - a scroll of acquirement {unknown}
 m - 3 scrolls of enchant armour {unknown}
 n - 3 scrolls of brand weapon {unknown}
 t - a scroll of silence {unknown}
 u - a scroll of immolation {unknown}
 x - 2 scrolls of fear {unknown}
 B - a scroll of summoning {unknown}
 E - 2 scrolls of blinking {unknown}
 G - a scroll of vulnerability {unknown}
 I - a scroll of noise {unknown}
 J - 3 scrolls of magic mapping {unknown}
Potions
 g - 8 potions of curing
 h - 4 potions of heal wounds
 k - 2 potions of haste {unknown}
 l - 2 potions of ambrosia {unknown}
 s - a potion of magic
 C - 2 potions of might
 D - 2 potions of flight
 F - 7 potions of lignification
 H - 2 potions of degeneration {unknown}


   Skills:
 - Level 3.0 Fighting
 - Level 6.0 Ranged Weapons
 - Level 3.0 Armour
 - Level 2.0 Dodging
 - Level 2.4 Stealth
 - Level 3.0 Shields
 - Level 7.0 Spellcasting
 - Level 6.0 Conjurations
 * Level 7.7 Necromancy
 - Level 6.0 Fire Magic
 * Level 8.0 Earth Magic


You had one spell level left.
You knew the following spells:

 Your Spells              Type           Power      Damage    Failure   Level
a - Borgnjor's Vile Clut  Necr/Erth      21%        N/A       11%         5
b - Conjure Flame         Conj/Fire      34%        6-21      2%          3
c - Stone Arrow           Conj/Erth      76%        3d11      1%          3
d - Vampiric Draining     Necr           41%        2d8       1%          3
e - Searing Ray           Conj           68%        2d6       1%          2
f - Magic Dart            Conj           100%       1d8       1%          1
h - Dispel Undead         Necr           41%        3d16      4%          4
z - Sublimation of Blood  Necr           41%        N/A       1%          2

Your spell library contained the following spells:

 Spells                   Type           Power      Damage    Failure   Level
 Necrotise                Necr           100%       1d9       1%          1
 Sandblast                Erth           86%        2d18      1%          1
 Passwall                 Tmut/Erth      20%        N/A       3%          2
 Animate Dead             Necr           41%        N/A       4%          4
 Dazzling Flash           Conj/Hex       40%        N/A       9%          3
 Sticky Flame             Conj/Fire      34%        2d5       9%          4
 Agony                    Necr           41%        N/A       12%         5
 Ignite Poison            Fire/Tmut/Pois 16%        N/A       13%         3
 Petrify                  Tmut/Erth      25%        N/A       19%         4
 Fulminant Prism          Conj/Hex       10%        3d9       28%         4
 Iskenderun's Mystic Bla  Conj/Tloc      20%        2d6       28%         4
 Confusing Touch          Hex            7%         N/A       30%         3
 Portal Projectile        Hex/Tloc       14%        N/A       30%         3
 Tukima's Dance           Hex            7%         N/A       30%         3
 Corpse Rot               Necr/Pois/Air  19%        N/A       34%         4
 Blade Hands              Tmut           3%         N/A       95%         5
 Metabolic Englaciation   Hex/Ice        3%         N/A       95%         5
 Yara's Violent Unravell  Hex/Tmut       3%         3d4       95%         5
 Statue Form              Tmut/Erth      16%        N/A       96%         6
 Simulacrum               Ice/Necr       12%        N/A       97%         6
 Enfeeble                 Hex            3%         N/A       100%        7


Dungeon Overview and Level Annotations

Branches:
Dungeon (11/15)            Temple (1/1) D:4         Ossuary (visited)
  IceCv (1/1)
   Lair: D:8-11         Orc: D:9-12

Altars:
Ashenzari
Dithmenos
Elyvilon
Fedhas
Gozag
Kikubaaqudgha
Makhleb
Nemelex Xobeh
Qazlal
Ru
Sif Muna
Trog
Uskayaw
Vehumet
Wu Jian
Xom
Yredelemnul
Zin
The Shining One

Shops:
D:1 *

Annotations:
D:8 Psyche


Innate Abilities, Weirdness & Mutations

You cannot be hasted, slowed, berserked, paralysed or teleported.
You can dig through walls and to a lower floor.
You have a pair of large antennae on your head. (SInv)
Your four strong arms can wield two-handed weapons with a shield.


Message History

You resist.
The harpy simulacrum is engulfed in blazing flames.
You block the harpy simulacrum's attack.
The harpy simulacrum claws you. The harpy simulacrum freezes you. You resist.
The harpy simulacrum is engulfed in blazing flames.
The harpy simulacrum vaporises!
Kikubaaqudgha accepts your kill.
The anaconda simulacrum attacks as you move away!
The anaconda simulacrum barely misses you.
The anaconda simulacrum closely misses you.
You block the anaconda simulacrum's attack.
The anaconda simulacrum bites you! The anaconda simulacrum freezes you!
You resist.
Casting: Conjure Flame (mildly dangerous; 2% risk of failure)
Confirm with . or Enter, or press ? or * to list all spells.
Aiming: Dispel Undead (dangerous; 4% risk of failure)
Press: ? - help, Shift-Dir - straight line, f/p - anaconda simulacrum
Aim: an anaconda simulacrum (moderately damaged, 100% to hit)
The anaconda simulacrum is dispelled!!
The anaconda simulacrum vaporises!
Kikubaaqudgha accepts your kill.
Your Earth Magic skill increases to level 8!
Casting: Dispel Undead (dangerous; 4% risk of failure)
Confirm with . or Enter, or press ? or * to list all spells.
Aiming: Borgnjor's Vile Clutch (dangerous; 11% risk of failure)
Press: ? - help, Shift-Dir - straight line, f - spriggan simulacrum
Aim: a spriggan simulacrum (flame, 100% to hit)
Zombie hands grab the ice devil.
Zombie hands grab the spriggan simulacrum.
The zombie hands constrict the ice devil.
The zombie hands constrict the spriggan simulacrum!
The spriggan simulacrum is engulfed in blazing flames.
The spriggan simulacrum vaporises!
Kikubaaqudgha accepts your kill. The ice devil hits you!
You die...
Kikubaaqudgha rasps: "You have failed me!
Welcome... death!"

...# #### ....
##..## .....
##.§°.# . .Z.
##5.#.4## ..#Z..
#.Z.###@##
....#Z###..####..#
#5....#..##..#..##
#......##)..##..#
###....##....#..##
#...###....##..#
#...# ##....#..#
#...# ##.#.##..#
....# #..###...#


You could see an ice devil (clutched).

Vanquished Creatures
  A cyclops (D:11)
  2 ice statues (IceCv)
  2 ice devils (IceCv)
  2 anaconda simulacra (IceCv)
  A troll (D:11)
  A polar bear (D:11)
  A centaur simulacrum (D:11)
  3 steam dragons
  A harpy simulacrum (IceCv)
  A water moccasin (D:5)
  2 ice beasts
  An orc warrior (D:5)
  3 ogres
  A centaur (D:6)
  2 kobold brigands
  A necrophage (D:7)
  3 two-headed ogre simulacra (IceCv)
  14 scorpions
  8 wights
  4 killer bees (D:7)
  4 centaur zombies (Ossuary)
  3 hounds
  2 human zombies (Ossuary)
  3 orc priests
  2 gnoll boudas (D:5)
  2 jellies
  5 iguanas
  5 orc wizards
  5 scorpion zombies (Ossuary)
  A spriggan simulacrum (IceCv)
  Terence (D:2)
  2 troll simulacra (IceCv)
  3 wolf simulacra (IceCv)
  4 mummies
  13 gnolls
  4 adders
  7 white imps
  3 ufetubi
  19 orcs
  5 bats
  5 endoplasms
  2 giant cockroaches
  3 gnoll zombies (Ossuary)
  8 goblins
  18 hobgoblins
  5 jackals
  18 kobolds
  3 quokkas
  5 ball pythons
  2 frilled lizards
  5 goblin zombies (Ossuary)
  2 hobgoblin zombies (Ossuary)
  4 kobold zombies (Ossuary)
  An orc zombie (Ossuary)
  3 rats
231 creatures vanquished.

Notes
Turn   | Place    | Note
-------+----------+-------------------------------------------
     0 | D:1      | DildoBatman the Formicid Conjurer began the quest for the
                  | Orb.
     0 | D:1      | Reached XP level 1. HP: 13/13 MP: 3/3
    24 | D:1      | Found Qufuojim's Assorted Antiques.
   143 | D:1      | Reached XP level 2. HP: 19/19 MP: 3/5
   149 | D:1      | Learned a level 2 spell: Searing Ray
   596 | D:1      | Reached XP level 3. HP: 24/24 MP: 4/6
   778 | D:2      | Reached skill level 1 in Shields
  1021 | D:2      | Noticed Terence
  1163 | D:3      | Reached XP level 4. HP: 18/30 MP: 1/7
  1243 | D:3      | Found a blossoming altar of Fedhas.
  1408 | D:3      | Learned a level 3 spell: Conjure Flame
  1874 | D:3      | Reached XP level 5. HP: 35/35 MP: 3/8
  1910 | D:3      | Reached skill level 5 in Conjurations
  1910 | D:3      | Reached skill level 1 in Fire Magic
  2125 | D:2      | Found a faded altar of an unknown god.
  2295 | D:4      | Found a staircase to the Ecumenical Temple.
  2304 | Temple   | Entered the Ecumenical Temple
  2343 | Temple   | Became a worshipper of Kikubaaqudgha
  2635 | D:2      | Killed Terence
  2703 | D:4      | Found a sacrificial altar of Ru.
  2832 | D:4      | Reached XP level 6. HP: 34/41 MP: 0/9
  3303 | D:4      | Found an ornate altar of the Wu Jian Council.
  3417 | D:4      | Reached XP level 7. HP: 46/46 MP: 6/10
  3458 | D:5      | Entered Level 5 of the Dungeon
  3467 | D:5      | Reached * piety under Kikubaaqudgha
  3467 | D:5      | Received a gift from Kikubaaqudgha
  3472 | D:5      | Learned a level 2 spell: Sublimation of Blood
  3522 | D:5      | Reached skill level 1 in Fighting
  3523 | D:5      | Reached skill level 1 in Armour
  3646 | D:5      | Noticed a water moccasin
  3653 | D:5      | Killed a water moccasin
  3654 | D:5      | Reached XP level 8. HP: 29/56 MP: 3/12
  4347 | D:5      | Reached skill level 5 in Fire Magic
  4517 | D:5      | Reached ** piety under Kikubaaqudgha
  4769 | D:5      | Learned a level 3 spell: Vampiric Draining
  4818 | D:6      | Found an opulent altar of Gozag.
  4927 | D:6      | Reached XP level 9. HP: 63/63 MP: 10/16
  5034 | D:6      | Reached skill level 1 in Ranged Weapons
  5034 | D:6      | Reached skill level 5 in Spellcasting
  5916 | D:7      | Found a glowing golden altar of the Shining One.
  6069 | D:7      | Found a hide-covered altar of Uskayaw.
  6448 | D:8      | Reached skill level 5 in Ranged Weapons
  6515 | D:8      | Found a broken altar of Ashenzari.
  6528 | D:8      | Found a white marble altar of Elyvilon.
  6607 | D:8      | Reached XP level 10. HP: 12/70 MP: 14/20
  6702 | D:8      | Found a sand-covered staircase.
  6740 | Ossuary  | Entered an ossuary
  6759 | Ossuary  | Reached skill level 1 in Necromancy
  6867 | Ossuary  | Reached *** piety under Kikubaaqudgha
  6867 | Ossuary  | Received a gift from Kikubaaqudgha
  6874 | Ossuary  | Learned a level 5 spell: Borgnjor's Vile Clutch
  6881 | Ossuary  | Learned a level 4 spell: Dispel Undead
  6939 | Ossuary  | Reached skill level 1 in Earth Magic
  7025 | Ossuary  | Reached skill level 2 in Earth Magic
  7071 | Ossuary  | Reached skill level 3 in Earth Magic
  7300 | D:8      | Noticed Psyche
  7311 | D:8      | You fall into a shaft and drop 3 floors!
  7415 | D:11     | Found a frozen archway.
  7420 | D:11     | Noticed a cyclops
  7445 | D:11     | Killed a cyclops
  7446 | D:11     | Reached skill level 5 in Necromancy
  7446 | D:11     | Reached skill level 4 in Earth Magic
  7472 | D:11     | Learned a level 3 spell: Stone Arrow
  7575 | D:11     | Reached skill level 5 in Earth Magic
  7641 | D:11     | Reached **** piety under Kikubaaqudgha
  7753 | IceCv    | Entered an ice cave
  7836 | IceCv    | Noticed an ice devil
  7875 | IceCv    | Killed an ice devil
  7876 | IceCv    | Reached skill level 6 in Earth Magic
  7994 | IceCv    | Noticed an ice statue
  7994 | IceCv    | Noticed an ice statue
  9043 | IceCv    | Killed an ice statue
  9044 | IceCv    | Reached XP level 11. HP: 41/73 MP: 16/21
  9371 | IceCv    | Reached skill level 7 in Earth Magic
  9614 | IceCv    | HP: 3/75 [anaconda simulacrum (7)]
  9616 | IceCv    | Reached skill level 8 in Earth Magic
  9617 | IceCv    | Slain by an ice devil

Illustrated notes

Levels and vault maps discovered:
D:1:      saegor_arrival_under_anarchy, layout_loops_cross, serial_shops, shop,
          minivault_23, corexii_hall_statues_i, kennysheep_small_spiral
D:2:      cheibrodos_greedy_goblins, layout_rooms,
          hellmonk_ecumenical_altar_arch_garden, uniq_terence
D:3:      layout_basic, mainiacjoe_overflow_small_starburst,
          chequers_serial_rivers_micro_d
D:4:      layout_cave_pools, general_overflow_altar, overflow_temple_1_default,
          minmay_temple_entry_sparse_star
D:5:      layout_basic
D:6:      layout_loops_cross, grunt_gozag_breadcrumbs,
          kennysheep_decorative_pillar
D:7:      layout_basic, nicolae_tso_carved_into_rock, kennysheep_mini
D:8:      layout_basic, nicolae_overflow_squiral, gup_ossuary_entry_pyramid,
          kennysheep_generic_room_10, uniq_psyche
D:11:     layout_stronghold, erik_lair_orcish_takeover, serial_ice,
          serial_ice_b, serial_ice_h, serial_ice_c, serial_ice_k, serial_ice_o,
          serial_ice_e, portal_ice_cave_entry_pillars_1, kennysheep_dice,
          uniq_grum
Temple:   nicolae_temple_ecumenical_triangle
IceCv:    ice_cave_small_demon

Skill      XL: |  1  2  3  4  5  6  7  8  9 10 11 |
---------------+----------------------------------+-----
Conjurations   | 4 5 6 |  6.0
Shields        | 2 3 |  3.0
Fire Magic     | 2 3 4 5 6 |  6.0
Dodging        | 2 |  2.0
Fighting       | 2 3 |  3.0
Armour         | 1 3 |  3.0
Spellcasting   | 4 7 |  7.0
Ranged Weapons | 5 6 |  6.0
Necromancy     | 6 7 |  7.7
Earth Magic    | 6 8 |  8.0
Stealth        | |  2.4

Action                   |  1- 3 |  4- 6 |  7- 9 | 10-12 || total
-------------------------+-------+-------+-------+-------++-------
Melee: Trident           |    10 |       |     4 |       ||    14
       Falchion          |       |       |       |     2 ||     2
 Fire: Sling             |    44 |    72 |   276 |       ||   392
       Shortbow          |       |       |   152 |   278 ||   430
 Cast: Magic Dart        |    38 |    25 |     1 |       ||    64
       Searing Ray       |     2 |    17 |    21 |     2 ||    42
       Conjure Flame     |       |     1 |    57 |    46 ||   104
       Borgnjor's Vile C |       |       |       |    19 ||    19
       Vampiric Draining |       |       |       |     8 ||     8
       Sublimation of Bl |       |       |       |     2 ||     2
       Dispel Undead     |       |       |       |     1 ||     1
 Abil: Dig               |       |       |       |     3 ||     3
       Shaft Self        |       |       |       |     1 ||     1
  Use: Scroll            |       |       |       |    13 ||    13
 Stab: Sleeping          |     4 |       |       |       ||     4
Armor: Robe              |     4 |     5 |     7 |    13 ||    29
       Steam dragon scal |       |       |       |     6 ||     6
Dodge: Dodged            |    21 |    33 |    50 |    44 ||   148
Block: Buckler           |       |     7 |    14 |    19 ||    40
